| TOP OF THE 1ST |
|
Pulaski Yankees batting - Pitching for Seattle (APP) Mariners : RHP John Olson
|
|
Pitching: RHP John Olson
|
|
|
Batting: RHB Ken Stair
|
0-0: Fly out, F9 (Flyball, 9S, EV 96.9 MPH)
|
|
Batting: LHB Justin Short
|
0-0: Foul Ball, location: 2F 0-1: Ball 1-1: Ball 2-1: Swinging Strike 2-2: Ball 3-2: Ground out 6-3 (Groundball, 6, EV 87.5 MPH)
|
|
Batting: LHB Carlos Palau
|
0-0: Ground out 6-3 (Groundball, 6, EV 103.1 MPH)
|
| Top of the 1st over - 0 runs, 0 hits, 0 errors, 0 left on base; Pulaski 0 - Seattle (APP) 0 |
| BOTTOM OF THE 1ST |
|
Seattle (APP) Mariners batting - Pitching for Pulaski Yankees : LHP Alex Ramirez
|
|
Pitching: LHP Alex Ramirez
|
|
|
Batting: RHB Carlton McDonald
|
0-0: Ground out 5-3 (Groundball, 5L, EV 94.4 MPH)
|
|
Batting: RHB John Vasquez
|
0-0: Called Strike 0-1: Ground out 5-3 (Groundball, 56, EV 83.8 MPH)
|
|
Batting: SHB Carlos Luna
|
0-0: Foul Ball, location: 2F 0-1: Ball 1-1: Foul Ball, location: 2F 1-2: Ball 2-2: Ball 3-2: Base on Balls
|
|
Batting: RHB Chris Van Niel
|
0-0: Ball 1-0: Ball 2-0: Foul Ball, location: 2F 2-1: Ball 3-1: Base on Balls Carlos Luna to second
|
|
Batting: RHB Nick Ellis
|
0-0: Called Strike 0-1: Swinging Strike 0-2: Strikes out swinging
|
| Bottom of the 1st over - 0 runs, 0 hits, 0 errors, 2 left on base; Pulaski 0 - Seattle (APP) 0 |
| TOP OF THE 2ND |
|
Pulaski Yankees batting - Pitching for Seattle (APP) Mariners : RHP John Olson
|
|
Batting: RHB Yasuoka Tsuda
|
0-0: Called Strike 0-1: Called Strike 0-2: Foul Ball, location: 2F 0-2: Ball 1-2: Ball 2-2: Ball 3-2: Strikes out swinging
|
|
Batting: RHB Michael Patterson
|
0-0: Foul Ball, location: 2F 0-1: SINGLE (Groundball, P, EV 90.0 MPH) (infield hit)
|
|
Batting: LHB Chris Viehman
|
0-0: SINGLE (Groundball, 5S, EV 71.9 MPH) (infield hit) Michael Patterson to second
|
|
Batting: RHB Paul Ngumi
|
0-0: Called Strike 0-1: Ball 1-1: Ball 2-1: Foul Ball, location: 2F 2-2: Ball 3-2: Foul Ball, location: 2F 3-2: Base on Balls Michael Patterson to third Chris Viehman to second
|
|
Batting: RHB Edwin Sierra
|
0-0: Called Strike 0-1: Ball Balk! Michael Patterson scores Chris Viehman to third Paul Ngumi to second 1-1: DOUBLE (Line Drive, 7LM, EV 114.4 MPH) Chris Viehman scores Paul Ngumi scores
|
|
Batting: RHB Mustafa bin Gamali
|
0-0: Fly out, F8 (Line Drive, 78M, EV 98.1 MPH)
|
|
Batting: RHB Ken Stair
|
0-0: Ball 1-0: Called Strike 1-1: Ball 2-1: Ball 3-1: Base on Balls
|
|
Batting: LHB Justin Short
|
0-0: Ball 1-0: SINGLE (Groundball, 4MD, EV 104.4 MPH) Edwin Sierra to third Ken Stair to second Runner from 3rd tries for Home, SAFE, throw by CF to home
|
|
Batting: LHB Carlos Palau
|
0-0: Ball 1-0: Called Strike 1-1: Foul Ball, location: 2F 1-2: Ball 2-2: Ball 3-2: Base on Balls Ken Stair to third Justin Short to second
|
|
Batting: RHB Yasuoka Tsuda
|
0-0: Ball 1-0: Foul Ball, location: 2F 1-1: Swinging Strike 1-2: Fly out, F9 (Flyball, 89S, EV 75.0 MPH)
|
| Top of the 2nd over - 4 runs, 4 hits, 0 errors, 3 left on base; Pulaski 4 - Seattle (APP) 0 |
| BOTTOM OF THE 2ND |
|
Seattle (APP) Mariners batting - Pitching for Pulaski Yankees : LHP Alex Ramirez
|
|
Batting: LHB Prince Nunley
|
0-0: Ball 1-0: Foul Ball, location: 2F 1-1: Ball 2-1: SINGLE (Groundball, 56D, EV 100.6 MPH)
|
|
Batting: LHB Chang Huie
|
0-0: Ball Wild Pitch! Prince Nunley to second 1-0: Called Strike 1-1: Ball 2-1: Ground out 4-3 (Groundball, 4, EV 91.2 MPH) Prince Nunley to third
|
|
Batting: RHB Ziven Badersky
|
0-0: Called Strike 0-1: Foul Ball, location: 2F 0-2: Strikes out swinging
|
|
Batting: RHB Josh Carpenter
|
0-0: Called Strike 0-1: Foul Ball, location: 2F 0-2: Strikes out swinging
|
| Bottom of the 2nd over - 0 runs, 1 hit, 0 errors, 1 left on base; Pulaski 4 - Seattle (APP) 0 |
| TOP OF THE 3RD |
|
Pulaski Yankees batting - Pitching for Seattle (APP) Mariners : RHP John Olson
|
|
Batting: RHB Michael Patterson
|
0-0: Ball 1-0: Ball 2-0: Ball 3-0: Base on Balls
|
|
Batting: LHB Chris Viehman
|
0-0: Ball 1-0: Fielders Choice at 2nd, 4-6 (Groundball, 4, EV 85.6 MPH)
|
|
Batting: RHB Paul Ngumi
|
0-0: Called Strike 0-1: Foul Ball, location: 2F 0-2: Strikes out swinging
|
|
Batting: RHB Edwin Sierra
|
0-0: Fielders Choice at 2nd, 6-4 (Groundball, 6, EV 75.6 MPH)
|
| Top of the 3rd over - 0 runs, 0 hits, 0 errors, 1 left on base; Pulaski 4 - Seattle (APP) 0 |
| BOTTOM OF THE 3RD |
|
Seattle (APP) Mariners batting - Pitching for Pulaski Yankees : LHP Alex Ramirez
|
|
Batting: RHB Carlton McDonald
|
0-0: Ball 1-0: Ball 2-0: Foul Ball, location: 2F 2-1: Foul Ball, location: 2F 2-2: Strikes out swinging
|
|
Batting: RHB John Vasquez
|
0-0: Called Strike 0-1: Ball 1-1: Ball 2-1: Foul Ball, location: 2F 2-2: Strikes out looking
|
|
Batting: SHB Carlos Luna
|
0-0: Called Strike 0-1: Ball 1-1: Ball 2-1: Ball 3-1: Foul Ball, location: 2F 3-2: Foul Ball, location: 2F 3-2: Ground out 6-3 (Groundball, 6, EV 78.1 MPH)
|
| Bottom of the 3rd over - 0 runs, 0 hits, 0 errors, 0 left on base; Pulaski 4 - Seattle (APP) 0 |
| TOP OF THE 4TH |
|
Pulaski Yankees batting - Pitching for Seattle (APP) Mariners : RHP John Olson
|
|
Batting: RHB Mustafa bin Gamali
|
0-0: Foul Ball, location: 2F 0-1: Swinging Strike 0-2: Strikes out looking
|
|
Batting: RHB Ken Stair
|
0-0: Ball 1-0: Ball 2-0: Ball 3-0: Base on Balls
|
|
Batting: LHB Justin Short
|
0-0: Ball 1-0: Called Strike 1-1: Swinging Strike 1-2: Ball 2-2: Foul Ball, location: 2F 2-2: Ball 3-2: Base on Balls Ken Stair to second
|
|
Batting: LHB Carlos Palau
|
0-0: Ball 1-0: Ball 2-0: Ball 3-0: Base on Balls Ken Stair to third Justin Short to second
|
|
Batting: RHB Yasuoka Tsuda
|
0-0: Called Strike 0-1: Ball 1-1: Foul Ball, location: 2F 1-2: Strikes out swinging
|
|
Batting: RHB Michael Patterson
|
0-0: Called Strike 0-1: Ball 1-1: Ball 2-1: Ball 3-1: Foul Ball, location: 2F 3-2: DOUBLE (Line Drive, 7LM, EV 109.4 MPH) Ken Stair scores Justin Short scores Carlos Palau to third Carlos Palau scores
|
|
Pitching: RHP Eric Dixon
|
|
|
Batting: LHB Chris Viehman
|
0-0: Called Strike 0-1: Ground out U3 (Groundball, 3, EV 89.4 MPH)
|
| Top of the 4th over - 3 runs, 1 hit, 0 errors, 1 left on base; Pulaski 7 - Seattle (APP) 0 |
| BOTTOM OF THE 4TH |
|
Seattle (APP) Mariners batting - Pitching for Pulaski Yankees : LHP Alex Ramirez
|
|
Batting: RHB Chris Van Niel
|
0-0: Called Strike 0-1: Ball 1-1: Ball 2-1: SINGLE (Groundball, 4MD, EV 103.1 MPH)
|
|
Batting: RHB Nick Ellis
|
0-0: Ball 1-0: SINGLE (Flyball, 7LS, EV 84.4 MPH) Chris Van Niel to second
|
|
Batting: LHB Prince Nunley
|
0-0: Called Strike Chris Van Niel is caught stealing 3rd base 2-5 Nick Ellis to second 0-1: SINGLE (Groundball, 34D, EV 103.1 MPH) Nick Ellis to third Runner from 3rd tries for Home, SAFE, throw by RF to home
|
|
Batting: LHB Chang Huie
|
0-0: Called Strike 0-1: Ball 1-1: Called Strike 1-2: Ball 2-2: Ball 3-2: Fielders Choice at 2nd, 5-4 (Groundball, 56, EV 78.8 MPH)
|
|
Batting: RHB Ziven Badersky
|
0-0: Ball Wild Pitch! Chang Huie to second 1-0: Swinging Strike 1-1: Ball 2-1: Foul Ball, location: 2F 2-2: Foul Ball, location: 2F 2-2: Ball Passed Ball! Chang Huie to third 3-2: Foul Ball, location: 2F 3-2: SINGLE (Line Drive, 9LS, EV 94.4 MPH) Chang Huie scores
|
|
Batting: RHB Josh Carpenter
|
0-0: Ball 1-0: Swinging Strike 1-1: Fielders Choice at 2nd, 5-4 (Groundball, 56, EV 108.1 MPH)
|
| Bottom of the 4th over - 2 runs, 4 hits, 0 errors, 1 left on base; Pulaski 7 - Seattle (APP) 2 |
| TOP OF THE 5TH |
|
Pulaski Yankees batting - Pitching for Seattle (APP) Mariners : RHP Eric Dixon
|
|
Batting: RHB Paul Ngumi
|
0-0: Called Strike 0-1: Called Strike 0-2: Strikes out swinging
|
|
Batting: RHB Edwin Sierra
|
0-0: Foul Ball, location: 2F 0-1: Foul Ball, location: 2F 0-2: Foul Ball, location: 2F 0-2: Strikes out swinging
|
|
Batting: RHB Mustafa bin Gamali
|
0-0: Called Strike 0-1: Called Strike 0-2: Strikes out swinging
|
| Top of the 5th over - 0 runs, 0 hits, 0 errors, 0 left on base; Pulaski 7 - Seattle (APP) 2 |
| BOTTOM OF THE 5TH |
|
Seattle (APP) Mariners batting - Pitching for Pulaski Yankees : LHP Alex Ramirez
|
|
Batting: RHB Carlton McDonald
|
0-0: Swinging Strike 0-1: Ball 1-1: Fly out, F7 (Flyball, 7LSF, EV 76.2 MPH)
|
|
Pitching: LHP Jordan Medina
|
|
|
Batting: RHB John Vasquez
|
0-0: Ball 1-0: Ball 2-0: Foul Ball, location: 2F 2-1: Ground out 4-3 (Groundball, 34, EV 103.1 MPH)
|
|
Batting: SHB Carlos Luna
|
0-0: Ball 1-0: Ball 2-0: Ground out 6-3 (Groundball, 6, EV 103.8 MPH)
|
| Bottom of the 5th over - 0 runs, 0 hits, 0 errors, 0 left on base; Pulaski 7 - Seattle (APP) 2 |
| TOP OF THE 6TH |
|
Pulaski Yankees batting - Pitching for Seattle (APP) Mariners : RHP Eric Dixon
|
|
Batting: RHB Ken Stair
|
0-0: Ball 1-0: Ground out 6-3 (Groundball, 6S, EV 86.9 MPH)
|
|
Batting: LHB Justin Short
|
0-0: Ball 1-0: Ball 2-0: Called Strike 2-1: Ball 3-1: Base on Balls
|
|
Batting: LHB Carlos Palau
|
0-0: Called Strike 0-1: Ball 1-1: 2-RUN HOME RUN (Flyball, 9D, EV 98.8 MPH), Distance : 361 ft
|
|
Batting: RHB Yasuoka Tsuda
|
0-0: Called Strike 0-1: Ball 1-1: Ball 2-1: SOLO HOME RUN (Flyball, 9D, EV 96.2 MPH), Distance : 367 ft
|
|
Pitching: RHP Domingo Maldonado
|
|
|
Batting: RHB Michael Patterson
|
0-0: Ball 1-0: Fly out, F9 (Flyball, 9, EV 90.0 MPH)
|
|
Batting: LHB Chris Viehman
|
0-0: Foul Ball, location: 2F 0-1: Ball 1-1: Swinging Strike 1-2: Foul Ball, location: 2F 1-2: Strikes out swinging
|
| Top of the 6th over - 3 runs, 2 hits, 0 errors, 0 left on base; Pulaski 10 - Seattle (APP) 2 |
| BOTTOM OF THE 6TH |
|
Seattle (APP) Mariners batting - Pitching for Pulaski Yankees : LHP Jordan Medina
|
|
Batting: RHB Chris Van Niel
|
0-0: Ball 1-0: Ball 2-0: Ball 3-0: Base on Balls
|
|
Batting: RHB Nick Ellis
|
0-0: Ball 1-0: Called Strike Chris Van Niel steals 2nd base 1-1: SINGLE (Line Drive, 7S, EV 100.0 MPH) Chris Van Niel to third
|
|
Batting: LHB Prince Nunley
|
0-0: Ball 1-0: Called Strike 1-1: Foul Ball, location: 2F 1-2: Ball Nick Ellis steals 2nd base 2-2: Ground out 2-3 (Groundball, 13S, EV 66.9 MPH)
|
|
Batting: LHB Chang Huie
|
0-0: Called Strike 0-1: Ball 1-1: Called Strike 1-2: Hit by Pitch
|
|
Batting: RHB Ziven Badersky
|
0-0: Called Strike 0-1: Ball 1-1: Ball 2-1: Ball 3-1: Base on Balls Chris Van Niel scores Nick Ellis to third Chang Huie to second
|
|
Pinch Hitting: LHB Yoshihisa Kobayashi
|
0-0: Called Strike 0-1: Foul Ball, location: 2F 0-2: Ball 1-2: Foul Ball, location: 2F 1-2: Fly out, F9 (Line Drive, 89M, EV 97.5 MPH)
|
|
Batting: RHB Carlton McDonald
|
0-0: Ball 1-0: SINGLE (Groundball, 6MD, EV 103.1 MPH) Nick Ellis scores Chang Huie to third Ziven Badersky to second
|
|
Batting: RHB John Vasquez
|
0-0: Ball 1-0: Called Strike 1-1: Fly out, F6 (Line Drive, 6D, EV 62.5 MPH)
|
| Bottom of the 6th over - 2 runs, 2 hits, 0 errors, 3 left on base; Pulaski 10 - Seattle (APP) 4 |
| TOP OF THE 7TH |
|
Pulaski Yankees batting - Pitching for Seattle (APP) Mariners : RHP Domingo Maldonado
|
|
Now at 1B: Rowan Prince
|
|
|
Batting: RHB Paul Ngumi
|
0-0: Called Strike 0-1: Ball 1-1: Called Strike 1-2: Foul Ball, location: 2F 1-2: Ball 2-2: Strikes out swinging, 2-3 out at first.
|
|
Pinch Hitting: SHB Dylan Best
|
0-0: Called Strike 0-1: SINGLE (Flyball, 8LS, EV 90.0 MPH)
|
|
Batting: RHB Mustafa bin Gamali
|
0-0: Called Strike 0-1: Ball 1-1: Ball 2-1: Foul Ball, location: 2F 2-2: Strikes out swinging
|
|
Batting: RHB Ken Stair
|
0-0: Called Strike 0-1: Foul Ball, location: 2F 0-2: Fly out, F8 (Flyball, 8LD, EV 86.2 MPH)
|
| Top of the 7th over - 0 runs, 1 hit, 0 errors, 1 left on base; Pulaski 10 - Seattle (APP) 4 |
| BOTTOM OF THE 7TH |
|
Seattle (APP) Mariners batting - Pitching for Pulaski Yankees : LHP Jordan Medina
|
|
Now at 3B: Dylan Best
|
|
|
Batting: SHB Carlos Luna
|
0-0: Ball 1-0: Ground out 3-1 (Groundball, 34, EV 99.4 MPH)
|
|
Batting: RHB Chris Van Niel
|
0-0: Ball 1-0: Called Strike 1-1: Foul Ball, location: 2F 1-2: Foul Ball, location: 2F 1-2: Ground out 6-3 (Groundball, 6M, EV 86.9 MPH)
|
|
Batting: RHB Nick Ellis
|
0-0: Called Strike 0-1: Called Strike 0-2: Ball 1-2: Fly out, F8 (Flyball, 8LXD, EV 76.9 MPH)
|
| Bottom of the 7th over - 0 runs, 0 hits, 0 errors, 0 left on base; Pulaski 10 - Seattle (APP) 4 |
| TOP OF THE 8TH |
|
Pulaski Yankees batting - Pitching for Seattle (APP) Mariners : RHP Domingo Maldonado
|
|
Batting: LHB Justin Short
|
0-0: Ball 1-0: Foul Ball, location: 2F 1-1: Foul Ball, location: 2F 1-2: Ground out 5-3 (Groundball, 5, EV 106.2 MPH)
|
|
Batting: LHB Carlos Palau
|
0-0: Swinging Strike 0-1: Ball 1-1: Ball 2-1: Ground out 3-1 (Groundball, 34S, EV 89.4 MPH)
|
|
Batting: RHB Yasuoka Tsuda
|
0-0: Ball 1-0: Ball 2-0: Ball 3-0: Called Strike 3-1: SINGLE (Line Drive, 6D, EV 101.2 MPH)
|
|
Batting: RHB Michael Patterson
|
0-0: Foul Ball, location: 2F 0-1: Ball 1-1: Fielders Choice at 2nd, 5-4 (Groundball, 5L, EV 80.6 MPH)
|
| Top of the 8th over - 0 runs, 1 hit, 0 errors, 1 left on base; Pulaski 10 - Seattle (APP) 4 |
| BOTTOM OF THE 8TH |
|
Seattle (APP) Mariners batting - Pitching for Pulaski Yankees : LHP Jordan Medina
|
|
Batting: LHB Prince Nunley
|
0-0: Foul Ball, location: 2F 0-1: Called Strike 0-2: Strikes out swinging
|
|
Pinch Hitting: RHB Nick Edmunds
|
0-0: Ball 1-0: SINGLE (Groundball, 6MD, EV 98.8 MPH)
|
|
Pitching: RHP Yoshida Abe
|
|
|
Batting: RHB Ziven Badersky
|
0-0: Ball 1-0: Foul Ball, location: 2F 1-1: Swinging Strike 1-2: Foul Ball, location: 2F 1-2: Ball 2-2: Strikes out swinging
|
|
Batting: RHB Rowan Prince
|
0-0: Ground out 5-3 (Groundball, 56S, EV 80.6 MPH)
|
| Bottom of the 8th over - 0 runs, 1 hit, 0 errors, 1 left on base; Pulaski 10 - Seattle (APP) 4 |
| TOP OF THE 9TH |
|
Pulaski Yankees batting - Pitching for Seattle (APP) Mariners : RHP Domingo Maldonado
|
|
Pitching: RHP Ruben Mendoza
|
|
|
Now in CF: John Vasquez
|
|
|
Now in RF: Nick Edmunds
|
|
|
Batting: LHB Chris Viehman
|
0-0: Ball 1-0: Ball 2-0: Ball 3-0: Called Strike 3-1: Foul Ball, location: 2F 3-2: Strikes out looking
|
|
Batting: RHB Paul Ngumi
|
0-0: Called Strike 0-1: Foul Ball, location: 2F 0-2: Ball 1-2: Ball 2-2: Ball 3-2: Base on Balls
|
|
Batting: SHB Dylan Best
|
0-0: Fly out, F7 (Flyball, 7D, EV 103.8 MPH)
|
|
Batting: RHB Mustafa bin Gamali
|
0-0: Ball 1-0: Ground out 1-3 (Groundball, 13S, EV 70.6 MPH)
|
| Top of the 9th over - 0 runs, 0 hits, 0 errors, 1 left on base; Pulaski 10 - Seattle (APP) 4 |
| BOTTOM OF THE 9TH |
|
Seattle (APP) Mariners batting - Pitching for Pulaski Yankees : RHP Yoshida Abe
|
|
Batting: RHB Carlton McDonald
|
0-0: Ball 1-0: Ball 2-0: DOUBLE (Flyball, 78D, EV 103.1 MPH)
|
|
Batting: RHB John Vasquez
|
0-0: Foul Ball, location: 2F 0-1: Called Strike 0-2: Foul Ball, location: 2F 0-2: Foul Ball, location: 2F 0-2: Ground out U3 (Groundball, 34S, EV 90.0 MPH) Carlton McDonald to third
|
|
Batting: SHB Carlos Luna
|
0-0: Ball 1-0: Called Strike 1-1: Swinging Strike 1-2: Foul Ball, location: 2F 1-2: Ball 2-2: Ball 3-2: Fly out, F8 (Flyball, 8RD, EV 101.9 MPH) Runner from 3rd tags up, SCORES, no throw by CF
|
|
Batting: RHB Chris Van Niel
|
0-0: Ball 1-0: Ground out 5-3 (Groundball, 5S, EV 87.5 MPH)
|
| Bottom of the 9th over - 1 run, 1 hit, 0 errors, 0 left on base; Pulaski 10 - Seattle (APP) 5 |
|